 Dungeon Crawl Stone Soup version 0.23.0 (webtiles) character file.

Game seed: 11740373982782592082

594216 Jatast the Grim Reaper (level 27, -25/169 HPs)
             Began as a Gnoll Venom Mage on Feb 13, 2019.
             Was the Champion of Yredelemnul.
             Killed from afar by an orb of fire (35 damage)
             ... with a fireball
             ... on level 5 of the Realm of Zot on Feb 14, 2019.
             The game lasted 03:50:14 (55546 turns).

Jatast the Grim Reaper (Gnoll Venom Mage)          Turns: 55546, Time: 03:50:15

Health: -25/169    AC: 18    Str: 17      XL:     27
Magic:  44/44      EV: 34    Int: 20      God:    Yredelemnul [******]
Gold:   2681       SH:  0    Dex: 15 (16) Spells: 33/60 levels left

rFire    + + .     SeeInvis .     - Unarmed
rCold    + + .     Gourm    .   (shield currently unavailable)
rNeg     + + +     Faith    .   (armour currently unavailable)
rPois    ∞         Spirit   .   (helmet currently unavailable)
rElec    +         Reflect  .   (cloak currently unavailable)
rCorr    +         Harm     .   (gloves currently unavailable)
MR       ++...                  (boots currently unavailable)
Stlth    ++++++....             (amulet currently unavailable)
HPRegen  0.38/turn              (ring currently unavailable)
MPRegen  0.29/turn              (ring currently unavailable)

@: wisp-form, flying, studying Ice Magic, quick
A: tiny, distributed training, blurry vision 1, deterioration 1, frail 2,
screaming 1, weak 2, subdued magic 1, strong nose
}: 3/15 runes: barnacled, silver, gossamer
a: Recall Undead Slaves, Injury Mirror, Animate Dead, Drain Life, Enslave Soul,
Renounce Religion


You were on level 5 of the Realm of Zot.
You worshipped Yredelemnul.
Yredelemnul was exalted by your worship.
You were very full.
You were an insubstantial wisp.
You visited 9 branches of the dungeon, and saw 49 of its levels.
You also visited: Gauntlet and Ice Cave.

You collected 6926 gold pieces.
You spent 4245 gold pieces at shops.

Inventory:

Hand Weapons
 C - a +7 demon trident of electrocution (melded)
 H - the +7 long sword "Jycwatza" {elec, rElec Str+2}
   (You bought it in a shop on level 12 of the Dungeon)

   Occasionally, upon striking a foe, it will discharge some electrical energy
   and cause terrible harm.
   It affects your strength (+2).
   It insulates you from electricity.
Missiles
 a - 6 throwing nets (quivered)
 Q - 20 javelins of penetration
Armour
 f - a +0 shield of protection (melded)
 n - the +14 gold dragon scales of Ocoos (melded) {rElec rPois rF+ rC+ rCorr}
   (You bought it in a shop on level 2 of the Depths)

   It protects you from fire.
   It protects you from cold.
   It insulates you from electricity.
   It protects you from poison.
   It provides partial protection from all sources of acid and corrosion.
 E - a +1 helmet of see invisible (melded)
 L - a scarf of resistance (melded)
 M - the +3 pair of boots of the Vaults (melded) {rN+ Str+4}
   (You found it on level 5 of the Vaults)

   It affects your strength (+4).
   It protects you from negative energy.
 P - the +3 ring mail "Pefe" {MR++}
   (You acquired it on level 15 of the Dungeon)

   It affects your resistance to hostile enchantments.
 X - the +0 pair of gloves "Inozoek" (melded) {rF+ rCorr}
   (You found it in an ice cave)

   It protects you from fire.
   It provides partial protection from all sources of acid and corrosion.
Jewellery
 g - a ring of magical power (melded)
 B - a ring of protection from fire (melded)
 K - the amulet "Waask" (melded) {*Slow rPois Regen+ Int+4}
   (You found it in a Gauntlet)

   [amulet of regeneration]

   It affects your intelligence (+4).
   It protects you from poison.
   It increases your rate of regeneration.
   It may slow you when you take damage.
 S - a cursed amulet of inaccuracy {unknown}
 V - an uncursed ring of positive energy
 Y - an uncursed ring of see invisible
Wands
 h - a wand of clouds (2)
 G - a wand of polymorph (4)
 I - a wand of iceblast (45)
 N - a wand of acid (12)
Scrolls
 d - 11 scrolls of blinking
 e - 10 scrolls of fear
 j - 18 scrolls of teleportation
 m - 27 scrolls of remove curse
 o - 7 scrolls of identify
 w - 11 scrolls of magic mapping
 y - a scroll of fog
 z - a scroll of summoning
 A - 4 scrolls of enchant armour
 R - 7 scrolls of amnesia
Potions
 b - 3 potions of resistance
 i - 15 potions of flight
 k - 4 potions of haste
 l - 7 potions of might
 p - 7 potions of mutation
 r - 5 potions of ambrosia
 t - 4 potions of cancellation
 u - 4 potions of magic
 x - 6 potions of agility
 D - 20 potions of curing
 F - 5 potions of berserk rage
 T - 4 potions of invisibility
 W - 8 potions of brilliance
Books
 J - a manual of Ice Magic
Miscellaneous
 q - a sack of spiders
 s - a lamp of fire
 O - a lamp of fire
 U - 2 phantom mirrors
Comestibles
 c - 52 rations


   Skills:
 + Level 16.5 Fighting
 + Level 16.5 Short Blades
 + Level 16.5 Long Blades
 + Level 16.5 Axes
 + Level 16.5 Maces & Flails
 + Level 16.5 Polearms
 + Level 16.5 Staves
 + Level 16.5 Slings
 + Level 16.5 Bows
 + Level 16.5 Crossbows
 + Level 16.5 Throwing
 + Level 16.5 Armour
 + Level 17.0 Dodging
 + Level 16.9 Stealth
 + Level 16.5 Shields
 + Level 16.5 Unarmed Combat
 + Level 17.1 Spellcasting
 + Level 14.4 Conjurations
 + Level 14.2 Hexes
 + Level 14.2 Charms
 + Level 14.2 Summonings
 + Level 14.2 Necromancy
 + Level 14.2 Translocations
 + Level 14.2 Transmutations
 + Level 14.2 Fire Magic
 + Level 15.1 Ice Magic
 + Level 14.2 Air Magic
 + Level 14.2 Earth Magic
 + Level 15.0 Poison Magic
 + Level 17.8 Invocations
 + Level 16.5 Evocations


You had 33 spell levels left.
You knew the following spells:

 Your Spells              Type           Power        Failure   Level  Hunger
a - Borgnjor's Vile Clut  Necr/Erth      ######....   1%          5    ##.....
b - Poisonous Vapours     Pois/Air       ######       0%          2    None
c - Mephitic Cloud        Conj/Pois/Air  ######..     0%          3    None
d - Olgreb's Toxic Radia  Pois           ######..     1%          4    None
e - Blink                 Tloc           N/A          0%          2    None
f - Bolt of Magma         Conj/Fire/Erth ######....   1%          5    ##.....
g - Shadow Creatures      Summ           N/A          1%          6    #####..

Your spell library contained the following spells:

 Spells                   Type           Power        Failure   Level  Hunger
 Animate Skeleton         Necr           N/A          0%          1    None
 Apportation              Tloc           ######       0%          1    None
 Beastly Appendage        Tmut           ######       0%          1    None
 Confusing Touch          Hex            ######       0%          1    None
 Corona                   Hex            ######.      0%          1    None
 Flame Tongue             Conj/Fire      #####        0%          1    None
 Freeze                   Ice            ####         0%          1    None
 Magic Dart               Conj           ####         0%          1    None
 Shock                    Conj/Air       ####         0%          1    None
 Sting                    Conj/Pois      ####         0%          1    None
 Summon Butterflies       Summ           ######..     0%          1    None
 Summon Small Mammal      Summ           ####         0%          1    None
 Call Imp                 Summ           ######..     0%          2    None
 Corpse Rot               Necr           N/A          0%          2    None
 Ensorcelled Hibernation  Hex/Ice        ######       0%          2    None
 Shroud of Golubria       Chrm/Tloc      ######....   0%          2    None
 Slow                     Hex            ######..     0%          2    None
 Sticks to Snakes         Tmut           ######..     0%          2    None
 Swiftness                Chrm/Air       ######..     0%          2    None
 Throw Frost              Conj/Ice       ######       0%          2    None
 Call Canine Familiar     Summ           ######..     0%          3    None
 Confuse                  Hex            ######..     0%          3    None
 Conjure Flame            Conj/Fire      ######..     0%          3    None
 Dazzling Spray           Conj/Hex       ######       0%          3    None
 Gell's Gravitas          Tloc           ######....   0%          3    None
 Ignite Poison            Fire/Tmut/Pois ######..     0%          3    None
 Inner Flame              Hex/Fire       ######..     0%          3    None
 Lesser Beckoning         Tloc           ######....   0%          3    None
 Ozocubu's Armour         Chrm/Ice       ######..     0%          3    None
 Portal Projectile        Hex/Tloc       ######       0%          3    None
 Recall                   Summ/Tloc      N/A          0%          3    None
 Spider Form              Tmut/Pois      ######....   0%          3    None
 Static Discharge         Conj/Air       ######..     0%          3    None
 Stone Arrow              Conj/Erth      ######       0%          3    None
 Teleport Other           Tloc           ######..     0%          3    None
 Tukima's Dance           Hex            ######..     0%          3    None
 Airstrike                Air            ######....   1%          4    None
 Cause Fear               Hex            ######....   1%          4    None
 Force Lance              Conj/Tloc      ######..     1%          4    None
 Ice Form                 Ice/Tmut       ######..     1%          4    None
 Leda's Liquefaction      Hex/Erth       ######....   1%          4    None
 Passage of Golubria      Tloc           N/A          1%          4    None
 Petrify                  Tmut/Erth      ######..     1%          4    None
 Sticky Flame             Conj/Fire      ######..     1%          4    None
 Summon Ice Beast         Ice/Summ       ######..     1%          4    None
 Throw Icicle             Conj/Ice       ######..     1%          4    None
 Aura of Abjuration       Summ           ######....   1%          5    ##.....
 Blade Hands              Tmut           ######....   1%          5    ##.....
 Iskenderun's Battlesphe  Conj/Chrm      ######..     1%          5    ##.....
 Lightning Bolt           Conj/Air       ######....   1%          5    ##.....
 Metabolic Englaciation   Hex/Ice        ######....   1%          5    ##.....
 Silence                  Hex/Air        ######....   1%          5    ##.....
 Summon Demon             Summ           ######....   1%          5    ##.....
 Summon Forest            Summ/Tloc      ######....   1%          5    ##.....
 Summon Mana Viper        Hex/Summ       ######..     1%          5    ##.....
 Venom Bolt               Conj/Pois      ######....   1%          5    ##.....
 Yara's Violent Unravell  Hex/Tmut       ######....   1%          5    ##.....
 Bolt of Cold             Conj/Ice       ######....   1%          6    #####..
 Bolt of Fire             Conj/Fire      ######....   1%          6    #####..
 Darkness                 Hex            ######....   1%          6    #####..
 Freezing Cloud           Conj/Ice/Air   ######....   1%          6    #####..
 Hydra Form               Tmut           ######....   1%          6    #####..
 Iron Shot                Conj/Erth      ######....   1%          6    #####..
 Ozocubu's Refrigeration  Ice            ######....   1%          6    #####..
 Simulacrum               Ice/Necr       ######....   1%          6    #####..
 Statue Form              Tmut/Erth      ######...    1%          6    #####..
 Orb of Destruction       Conj           ######....   6%          7    ######.
 Spellforged Servitor     Conj/Summ      ######....   6%          7    ######.
 Dragon Form              Tmut           ######....   7%          7    ######.
 Malign Gateway           Summ/Tloc      ######....   7%          7    ######.
 Ring of Flames           Chrm/Fire      ######....   7%          7    ######.
 Summon Hydra             Summ           ######....   7%          7    ######.
 Dragon's Call            Summ           ######....   100%        9    #######
 Shatter                  Erth           ######....   100%        9    #######


Dungeon Overview and Level Annotations

Branches:
Dungeon (15/15)            Temple (0/1) D:4            Lair (6/6) D:11
 Shoals (4/4) Lair:3       Spider (4/4) Lair:3        Slime (0/5) Lair:5
    Orc (2/2) D:11            Elf (3/3) Orc:2        Vaults (5/5) D:13
  Crypt (0/3) Vaults:2     Depths (5/5) D:15            Zot (5/5) Depths:5

Altars:
Cheibriados
Dithmenos
Fedhas
Hepliaklqana
Okawaru
Qazlal
Ru
Sif Muna
Trog
Xom
Yredelemnul
The Shining One
Beogh
Jiyva

Shops:
D:10 [   D:12 (((!   Orc:1 (   Orc:2 ?%!}[   Elf:1 %:   Elf:3 ?   Shoals:2 ?
Depths:1 *   Depths:2 %*=?}

Portals:
Hell: Depths:1 Depths:2 Depths:3 Depths:4 Depths:5
Abyss: Depths:1 Depths:4
Pandemonium: Orc:2 Depths:3 Depths:4 Depths:5
Ziggurat: Depths:5

Annotations:
D:15 exclusion: Roxanne, Roxanne
Lair:1 exclusion: oklob plant
Elf:2 3 runed translucent doors
Zot:3 1 transporter


Innate Abilities, Weirdness & Mutations

Your experience applies equally to all skills.
((You have very sharp teeth.))
Your uncanny sense of smell can sniff out nearby items.
Scrolls take you a little longer to read.
Your body sometimes deteriorates upon taking damage.
You are very frail. (-20% HP)
You occasionally shout uncontrollably at your foes.
You are very weak. (Str -4)
Your spells are a little easier to cast, but a little less powerful.


Message History

* * * LOW HITPOINT WARNING * * *
The orb of fire glows deep purple.
The fireball explodes!
The fireball engulfs you! You resist.
* * * LOW HITPOINT WARNING * * *
You feel much better.
The orb of fire emits a lurid red light.
The bolt of fire hits the orb of fire.
The orb of fire completely resists.
The bolt of fire hits you! You resist.
* * * LOW HITPOINT WARNING * * *
The orb of fire emits a lurid red light.
The fireball explodes!
The fireball engulfs you!! You resist.
* * * LOW HITPOINT WARNING * * *
There is a stone staircase leading up here.
The orb of fire glows deep purple.
The bolt of fire hits you!! You resist.
* * * LOW HITPOINT WARNING * * *
The orb of fire glows yellow.
The fireball explodes!
The fireball engulfs you!! You resist.
You die...
Your body rises from the dead as a mindless zombie.

#...#### #... #......# #...
#########......############...
##.......**............**.*....
#.....#######...###########...#
#.....## #...#.⌠.# #...#
#......##########...###########
#.........*....................
#...........*)v................
#..............................
#..##########......)⌠..........
#..##### #..................
#..#n..######..###...#......###
#..nZ.Z........# #...#......#
#..............# #####......#
################ ##...### #####


You could see 2 orbs of fire.

Vanquished Creatures
  2 ancient liches
  An orb of fire (Zot:2)
  2 Killer Klowns (Zot:1)
  2 curse toes
  Arachne (Spider:4)
  2 liches (Depths:5)
  An electric golem (Zot:2)
  5 Orb Guardians (Zot:5)
  5 tentacled monstrosities
  A titan (Vaults:5)
  2 quicksilver dragons
  A sphinx (Vaults:4)
  A deep elf master archer (Elf:3)
  7 death cobs
  9 storm dragons
  2 tengu reavers (Vaults:5)
  7 shadow dragons
  3 draconian monks
  7 fire giants
  4 frost giants
  2 orc warlords
  7 vault wardens
  A draconian scorcher (Zot:3)
  An iron dragon (Depths:5)
  2 draconian knights
  An emperor scorpion (Spider:4)
  5 deep elf sorcerers
  A ghost moth (Spider:4)
  2 deep elf elementalists
  A draconian annihilator (Depths:5)
  2 entropy weavers
  13 stone giants
  A draconian stormcaller (Zot:1)
  9 ironheart preservers
  8 very ugly things
  3 green draconians
  3 black draconians
  A minotaur (Lair:3)
  2 vampire knights
  3 spark wasps
  3 deep elf demonologists
  4 deep elf annihilators
  4 purple draconians
  4 red draconians
  3 white draconians
  3 yellow draconians
  5 ettins
  A merfolk javelineer (Shoals:3)
  A small abomination (Vaults:5)
  2 blizzard demons
  2 merfolk impalers (Shoals:4)
  2 deep elf death magi
  A crystal guardian (Vaults:2)
  5 fire dragons
  3 deep elf high priests
  2 rakshasas
  6 yaktaur captains
  7 great orbs of eyes
  21 vault guards
  2 ogre magi
  4 ice dragons
  Harold (D:8)
  A merfolk avatar (Shoals:4)
  4 hydras
  A spriggan air mage (Depths:4)
  18 two-headed ogres
  An alligator snapping turtle (Shoals:4)
  6 centaur warriors
  5 dancing weapons
  2 merfolk aquamancers
  5 deep troll earth magi
  2 tengu warriors
  A vampire mage (Depths:3)
  An orc high priest (Orc:2)
  3 spriggan berserkers (Depths:3)
  3 deep troll shamans
  Urug (D:10)
  9 hell knights
  2 deep elf knights
  2 soul eaters
  3 sun demons
  2 skeletal warriors
  2 glowing orange brains
  9 deep trolls
  A fire crab (shapeshifter) (Vaults:3)
  2 unseen horrors
  A glowing orange brain (shapeshifter) (Vaults:4)
  4 sea snakes
  2 wizards
  A kraken simulacrum (Shoals:4)
  3 flayed ghosts
  13 ironbrand convokers
  2 deep elf archers
  7 orc knights
  A phantasmal warrior (Depths:1)
  8 necromancers
  23 deep elf magi
  2 harpies
  5 orb spiders
  3 orc sorcerers
  18 ugly things
  A cyclops (Vaults:2)
  22 moths of wrath
  10 wolf spiders
  2 manticores
  4 elephants (Lair:6)
  A black mamba (shapeshifter) (Depths:2)
  A black mamba (Lair:6)
  2 ice statues (IceCv)
  A naga mage (Depths:1)
  2 gargoyles (Depths:4)
  10 vault sentinels
  A rust devil (Depths:4)
  6 apocalypse crabs (Zot:4)
  A guardian serpent (shapeshifter) (Depths:2)
  3 spiny frogs
  3 water nymphs
  A torpor snail (Lair:3)
  4 freezing wraiths
  31 yaktaurs
  2 komodo dragons (shapeshifter)
  2 hellwings
  A golden dragon simulacrum (Depths:4)
  2 komodo dragons
  A yaktaur (shapeshifter) (Depths:1)
  A queen bee (shapeshifter) (Vaults:4)
  7 merfolk
  A yaktaur skeleton (Vaults:2)
  2 red devils
  A harpy zombie (Shoals:3)
  2 demonic crawlers
  A troll (shapeshifter) (Vaults:2)
  A meliai (shapeshifter) (Depths:2)
  A polar bear (shapeshifter) (Vaults:1)
  5 trolls
  12 ice devils (IceCv)
  2 queen bees
  A tyrant leech (Spider:4)
  A wind drake (shapeshifter) (Elf:1)
  A wind drake (Shoals:2)
  17 jumping spiders
  15 hornets
  2 polar bears
  11 blink frogs
  6 hippogriffs
  9 slime creatures
  8 dream sheep
  4 snapping turtles
  A spriggan (shapeshifter) (Depths:1)
  2 centaur simulacra (Gauntlet)
  45 redbacks
  A redback (shapeshifter) (Depths:3)
  5 spriggans (Lair:6)
  4 air elementals
  A tarantella (shapeshifter) (Vaults:1)
  6 water elementals
  A wyvern (D:8)
  24 yaks
  13 tarantellas
  2 hogs (shapeshifter)
  A basilisk (Lair:6)
  An orc simulacrum (Vaults:1)
  A golden eye (shapeshifter) (Depths:2)
  A wraith (Vaults:1)
  5 humans (D:13)
  Menkaure (D:5)
  3 wargs
  A naga (Depths:1)
  2 swamp worms (Spider:2)
  Duvessa (D:5)
  3 hell hounds (D:12)
  12 water moccasins
  3 ice beasts
  A floating eye (shapeshifter) (Vaults:5)
  32 orc warriors
  2 sky beasts
  A hornet zombie (D:15)
  7 black bears
  An ogre (shapeshifter) (Elf:2)
  An eye of draining (D:15)
  A human zombie (Vaults:1)
  2 necrophages
  20 ogres
  A phantom (D:7)
  2 boggarts (Lair:6)
  17 centaurs
  A human skeleton (Vaults:2)
  15 wolves
  10 crocodiles
  3 big kobolds
  12 bullfrogs
  5 earth elementals
  2 wyvern zombies
  Dowan (D:5)
  A gnoll sergeant (D:11)
  A water moccasin skeleton (D:7)
  9 scorpions
  24 killer bees
  3 wights (D:15)
  An electric eel (Lair:5)
  2 crimson imps
  2 howler monkeys
  2 quasits (Depths:5)
  4 jellies
  2 centaur zombies
  2 iron imps
  5 hounds
  28 orc priests
  7 centaur skeletons
  2 bullfrog skeletons
  4 iguanas
  Natasha (thrice) (D:3)
  17 orc wizards
  5 worker ants
  A hound zombie (D:5)
  3 worker ant zombies
  13 gnolls
  A howler monkey skeleton (D:5)
  13 adders
  9 white imps
  4 ufetubi
  3 oozes
  An adder skeleton (D:3)
  A worm (D:4)
  2 dart slugs
  5 leopard geckos
  124 orcs
  8 bats
  3 giant cockroaches
  3 goblins
  4 hobgoblins
  20 jackals
  8 quokkas
  A ball python zombie (D:6)
  3 frilled lizards
  A jackal zombie (D:5)
  3 kobolds
  A leopard gecko zombie (D:5)
  7 rats
  A butterfly (Lair:6)
  3 crawling corpses
  A fungus (D:5)
1271 creatures vanquished.

Vanquished Creatures (collateral kills)
  2 ancient liches
  A juggernaut (Depths:5)
  Boris (Depths:4)
  A Killer Klown (Zot:1)
  Frederick (Vaults:5)
  Margery (Depths:4)
  A curse toe (Zot:4)
  5 golden dragons
  An electric golem (Zot:2)
  9 tentacled monstrosities
  3 liches
  5 Orb Guardians (Zot:5)
  A deep elf master archer (Elf:3)
  A titan (Vaults:5)
  2 quicksilver dragons
  2 sphinxes
  Frances (D:12)
  4 death cobs
  A kraken (Shoals:1)
  Donald (Orc:2)
  A shadow dragon (shapeshifter) (Elf:3)
  7 storm dragons
  2 ancient champions (Vaults:2)
  8 shadow dragons
  Agnes (Spider:4)
  5 tengu reavers
  A draconian knight (Zot:1)
  5 fire giants
  2 iron dragons
  6 frost giants
  An orc warlord (Orc:1)
  8 vault wardens
  2 deep elf sorcerers
  A ghoul (Vaults:2)
  3 ghost moths
  3 draconian shifters
  A draconian stormcaller (Zot:5)
  2 emperor scorpions
  4 deep elf elementalists (Elf:3)
  3 draconian annihilators (Zot:1)
  A caustic shrike skeleton (Depths:4)
  7 ironheart preservers
  19 very ugly things
  4 war gargoyles
  3 vampire knights
  17 stone giants
  5 entropy weavers
  5 black draconians
  3 purple draconians (Zot:1)
  3 green draconians (Zot:1)
  3 deep elf annihilators
  5 deep elf demonologists
  The ghost of Taxzav the Grappler, a journeyman TrHu of Cheibriados (Lair:3)
  4 red draconians
  8 spark wasps
  4 yellow draconians
  7 white draconians (Zot:1)
  A minotaur (Gauntlet)
  2 crystal guardians (Depths:4)
  5 deep elf death magi
  A merfolk javelineer (Shoals:4)
  A blizzard demon (IceCv)
  7 merfolk impalers
  12 ettins
  9 yaktaur captains
  8 fire dragons
  A deep elf high priest (Elf:3)
  3 jiangshi (Depths:3)
  3 rakshasas
  2 hydras
  26 vault guards
  5 great orbs of eyes
  4 ice dragons
  3 merfolk aquamancers
  5 merfolk avatars
  8 centaur warriors
  2 death knights
  18 two-headed ogres
  11 ogre magi
  5 dancing weapons
  A satyr (Shoals:3)
  6 deep troll shamans
  A satyr (shapeshifter) (Vaults:5)
  4 spriggan berserkers
  A tengu warrior (Depths:3)
  6 orc high priests (Orc:2)
  6 deep troll earth magi
  5 hell knights
  Sonja (Lair:3)
  A fire crab (shapeshifter) (Vaults:3)
  8 deep elf knights
  An iron troll (Depths:1)
  2 gelid demonspawn (Orc:2)
  14 deep trolls
  A shadow wraith (Vaults:4)
  2 unseen horrors
  3 wizards
  A torturous demonspawn (Orc:2)
  4 flayed ghosts
  4 glowing orange brains
  11 sea snakes
  17 deep elf magi
  5 orb spiders
  10 deep elf archers
  2 phantasmal warriors
  24 harpies
  11 orc knights
  6 ironbrand convokers
  A wolf spider zombie (D:14)
  28 ugly things
  3 necromancers
  14 wolf spiders
  A faun (shapeshifter) (Vaults:3)
  A fire giant zombie (Depths:4)
  2 cyclopes
  4 orc sorcerers
  A salamander (shapeshifter) (Depths:3)
  3 fauns (Shoals:3)
  13 vault sentinels
  7 manticores
  9 moths of wrath
  2 black mambas
  5 merfolk sirens
  2 centaur zombies
  A rust devil (Orc:2)
  An ice statue (Lair:6)
  3 water nymphs
  Maurice (Orc:1)
  4 elephants (Lair:6)
  An apocalypse crab (Zot:4)
  An orange demon (Depths:5)
  3 centaur skeletons (D:15)
  A black mamba (shapeshifter) (Vaults:3)
  A spiny frog (shapeshifter) (Depths:2)
  A torpor snail (Spider:2)
  2 yaktaur zombies
  A gargoyle (Depths:4)
  15 yaktaurs
  A smoke demon (Orc:2)
  2 rime drakes (Lair:6)
  8 spiny frogs
  4 freezing wraiths
  7 demonic crawlers
  2 redback zombies
  3 komodo dragons
  3 ice devils
  A hellwing (Orc:2)
  A red devil (Orc:2)
  9 trolls
  2 small abominations (Vaults:5)
  3 harpy zombies (Shoals:3)
  2 tengu conjurers
  5 polar bears
  10 tyrant leeches
  20 merfolk
  12 hornets
  A merfolk zombie (Shoals:4)
  13 jumping spiders
  2 wind drakes
  2 raiju (shapeshifter) (Depths:2)
  A hornet (shapeshifter) (Depths:2)
  5 blink frogs
  4 hippogriffs
  9 snapping turtles
  2 dream sheep (Lair:6)
  28 slime creatures
  An air elemental (Depths:4)
  A centaur simulacrum (Gauntlet)
  41 redbacks
  A shadow (D:14)
  17 tarantellas
  2 tarantellas (shapeshifter)
  2 wyverns
  A wraith (Vaults:2)
  17 spriggans
  14 water elementals
  A human (shapeshifter) (Depths:2)
  11 humans (D:13)
  9 yaks
  A chaos spawn (Depths:5)
  A fire elemental (Elf:2)
  A basilisk (Lair:2)
  3 wargs
  A deep troll zombie (Vaults:2)
  6 swamp worms (Spider:2)
  8 water moccasins
  A floating eye (shapeshifter) (Vaults:5)
  2 ogre zombies
  A porcupine (Lair:3)
  A hornet zombie (D:15)
  2 ice beasts (Lair:6)
  36 orc warriors
  A sky beast (D:15)
  2 phantoms
  2 ice dragon simulacra
  10 ogres
  16 wolves
  A boggart (Lair:6)
  12 centaurs
  8 crocodiles
  A hippogriff zombie (Shoals:3)
  A big kobold (D:11)
  7 bullfrogs
  4 earth elementals
  6 killer bees (Lair:3)
  2 wights (D:15)
  4 crimson imps
  A bullfrog zombie (D:12)
  10 orc wizards
  A bullfrog skeleton (D:10)
  15 orc priests
  2 hounds
  An iron imp (Depths:5)
  A worker ant (D:8)
  A howler monkey skeleton (D:11)
  An adder (shapeshifter) (Vaults:1)
  2 white imps (Lair:6)
  An adder zombie (D:8)
  31 orcs
  A bat zombie (Shoals:3)
  A jackal (D:10)
  A kobold (D:14)
  2 bushes
  2 butterflies (Lair:6)
  3 crawling corpses
  24 fungi
  36 plants
  3 tentacles
1202 creatures vanquished.

Vanquished Creatures (others)
  8 profane servitors
  A bone dragon (Vaults:5)
  A storm dragon (Zot:2)
  A draconian knight (Depths:5)
  A spectral Killer Klown (Zot:2)
  A deep elf sorcerer (Elf:3)
  8 ghouls
  A spectral fire dragon (Vaults:5)
  A spectral orc (Depths:4)
  11 vampire knights
  4 very ugly thing zombies
  Arachne skeleton (Spider:4)
  A spectral minotaur (Shoals:1)
  A spectral white draconian (Zot:5)
  A spectral human (Vaults:5)
  3 storm dragon zombies
  A deep elf knight (Elf:1)
  A golden dragon zombie (Zot:5)
  9 skeletal warriors
  A spark wasp zombie (Depths:3)
  7 flayed ghosts
  2 entropy weaver zombies (Spider:4)
  A tengu zombie (Vaults:2)
  2 shadow dragon zombies
  7 ugly thing zombies
  2 wolf spider zombies (Spider:4)
  14 phantasmal warriors
  5 draconian zombies
  A frost giant zombie (Vaults:5)
  3 fire giant zombies
  2 moths of wrath (Zot:2)
  A stone giant skeleton (Vaults:3)
  A white draconian zombie (Zot:5)
  3 purple draconian zombies
  A yaktaur zombie (Vaults:5)
  2 yellow draconian zombies
  14 redback zombies
  A black draconian zombie (Zot:5)
  8 elf zombies
  A green draconian zombie (Zot:3)
  A sea snake zombie (Shoals:1)
  A ghoul skeleton (Zot:1)
  5 harpy zombies
  A human skeleton (Vaults:3)
  6 moth of wrath zombies
  4 jumping spider zombies
  An ettin zombie (Vaults:5)
  11 flying skulls
  A black mamba zombie (Lair:6)
  12 vampires
  A water elemental (Elf:3)
  5 wraiths
  A tyrant leech zombie (Spider:2)
  A two-headed ogre zombie (Vaults:5)
  A merfolk zombie (Shoals:1)
  4 deep troll zombies
  2 spiny frog zombies
  2 hornet zombies (Vaults:2)
  An elephant zombie (Lair:6)
  3 blink frog zombies (Lair:3)
  A blink frog skeleton (Lair:3)
  22 human zombies
  A cyclops zombie (Vaults:2)
  A komodo dragon zombie (Lair:3)
  2 water moccasin zombies
  2 yak zombies
  A troll skeleton (D:8)
  A wight (Lair:3)
  3 wolf zombies
  5 yak skeletons
  6 centaur zombies
  3 wolf skeletons
  A kobold zombie (Lair:3)
  An orc priest (Orc:2)
  3 bullfrog skeletons
  A centaur skeleton (D:11)
  14 killer bee zombies
  A crocodile zombie (Lair:6)
  8 ogre zombies
  A hound skeleton (D:5)
  2 mummies
  2 white imps (IceCv)
  4 ufetubi (IceCv)
  A jackal skeleton (D:7)
  4 orc skeletons
  18 orc zombies
  A bush (Lair:3)
  7 fungi
  10 plants
  11 tentacles
337 creatures vanquished.

Grand Total: 2810 creatures vanquished

Notes
Turn   | Place    | Note
-------+----------+-------------------------------------------
     0 | D:1      | Jatast the Gnoll Venom Mage began the quest for the Orb.
     0 | D:1      | Reached XP level 1. HP: 13/13 MP: 6/6
   371 | D:1      | Reached XP level 2. HP: 19/19 MP: 4/7
   403 | D:1      | Learned a level 2 spell: Poisonous Vapours
  1080 | D:2      | Reached XP level 3. HP: 19/25 MP: 6/9
  1202 | D:2      | Found a basalt altar of Yredelemnul.
  1205 | D:2      | Reached skill level 5 in Spellcasting
  1232 | D:2      | Became a worshipper of Yredelemnul the Dark
  1353 | D:2      | Reached skill level 1 in Invocations
  1379 | D:2      | Reached skill level 1 in Fighting
  1379 | D:2      | Reached skill level 1 in Short Blades
  1379 | D:2      | Reached skill level 1 in Long Blades
  1379 | D:2      | Reached skill level 1 in Axes
  1379 | D:2      | Reached skill level 1 in Maces & Flails
  1379 | D:2      | Reached skill level 1 in Polearms
  1379 | D:2      | Reached skill level 1 in Staves
  1379 | D:2      | Reached skill level 1 in Slings
  1379 | D:2      | Reached skill level 1 in Bows
  1379 | D:2      | Reached skill level 1 in Crossbows
  1379 | D:2      | Reached skill level 1 in Throwing
  1379 | D:2      | Reached skill level 1 in Armour
  1379 | D:2      | Reached skill level 1 in Shields
  1379 | D:2      | Reached skill level 1 in Unarmed Combat
  1379 | D:2      | Reached skill level 1 in Evocations
  1379 | D:2      | Reached XP level 4. HP: 26/32 MP: 1/11
  1646 | D:2      | Found a bloodstained altar of Trog.
  1690 | D:2      | Found an iron altar of Okawaru.
  2276 | D:3      | Reached skill level 1 in Hexes
  2276 | D:3      | Reached skill level 1 in Charms
  2276 | D:3      | Reached skill level 1 in Summonings
  2276 | D:3      | Reached skill level 1 in Necromancy
  2276 | D:3      | Reached skill level 1 in Translocations
  2276 | D:3      | Reached skill level 1 in Transmutations
  2276 | D:3      | Reached skill level 1 in Fire Magic
  2276 | D:3      | Reached skill level 1 in Ice Magic
  2276 | D:3      | Reached skill level 1 in Air Magic
  2276 | D:3      | Reached skill level 1 in Earth Magic
  2280 | D:3      | Reached * piety under Yredelemnul
  2390 | D:3      | Noticed Natasha
  2391 | D:3      | Reached XP level 5. HP: 37/37 MP: 7/12
  2396 | D:3      | Killed Natasha
  2476 | D:3      | Noticed an ice beast
  2607 | D:3      | Noticed Natasha
  2615 | D:3      | Killed Natasha
  2673 | D:3      | Learned a level 3 spell: Mephitic Cloud
  2688 | D:3      | Noticed Natasha
  2698 | D:3      | Killed Natasha
  2831 | D:3      | Reached XP level 6. HP: 44/44 MP: 10/13
  2857 | D:3      | Learned a level 4 spell: Olgreb's Toxic Radiance
  3204 | D:3      | Reached skill level 5 in Dodging
  3603 | D:4      | Identified the Volume of Supportive Attacks
  3801 | D:4      | Found a staircase to the Ecumenical Temple.
  3980 | D:4      | Found a glowing golden altar of the Shining One.
  4000 | D:5      | Entered Level 5 of the Dungeon
  4310 | D:5      | Reached XP level 7. HP: 50/50 MP: 15/15
  4465 | D:4      | Found a stormy altar of Qazlal.
  4592 | D:5      | Reached ** piety under Yredelemnul
  4632 | D:5      | Reached skill level 5 in Stealth
  4783 | D:5      | Found a blossoming altar of Fedhas.
  4792 | D:5      | HP: 2/51 [centaur/arrow (12)]
  4794 | D:5      | Noticed Dowan
  5180 | D:5      | Reached XP level 8. HP: 57/57 MP: 16/16
  5188 | D:5      | Noticed Duvessa
  5204 | D:5      | Killed Duvessa
  5214 | D:5      | Killed Dowan
  5533 | D:5      | Noticed Menkaure
  5541 | D:5      | Killed Menkaure
  6353 | D:6      | Reached XP level 9. HP: 42/65 MP: 18/18
  7224 | D:6      | Reached *** piety under Yredelemnul
  7448 | D:6      | Found a snail-covered altar of Cheibriados.
  8089 | D:7      | Reached skill level 5 in Invocations
  8089 | D:7      | Received a gift from Yredelemnul (a mummy)
  8109 | D:7      | Found a shimmering altar of Xom.
  8464 | D:8      | Reached XP level 10. HP: 43/73 MP: 20/20
  8699 | D:8      | Found a hazy altar of Hepliaklqana.
  8900 | D:8      | Reached skill level 5 in Fighting
  8900 | D:8      | Reached skill level 5 in Short Blades
  8900 | D:8      | Reached skill level 5 in Long Blades
  8900 | D:8      | Reached skill level 5 in Axes
  8900 | D:8      | Reached skill level 5 in Maces & Flails
  8900 | D:8      | Reached skill level 5 in Polearms
  8900 | D:8      | Reached skill level 5 in Staves
  8900 | D:8      | Reached skill level 5 in Slings
  8900 | D:8      | Reached skill level 5 in Bows
  8900 | D:8      | Reached skill level 5 in Crossbows
  8900 | D:8      | Reached skill level 5 in Throwing
  8900 | D:8      | Reached skill level 5 in Armour
  8900 | D:8      | Reached skill level 5 in Shields
  8900 | D:8      | Reached skill level 5 in Unarmed Combat
  8900 | D:8      | Reached skill level 5 in Evocations
  8916 | D:8      | Noticed Harold
  8937 | D:8      | Killed Harold
  9132 | D:8      | Paralysed by a hornet for 3 turns
  9138 | D:8      | Reached skill level 5 in Conjurations
  9561 | D:8      | Found a blossoming altar of Fedhas.
 10090 | D:9      | Found a shadowy altar of Dithmenos.
 10112 | D:9      | Received a gift from Yredelemnul (a mummy)
 10297 | D:10     | Entered Level 10 of the Dungeon
 10426 | D:10     | Found Siaff's Antique Armour Shoppe.
 10430 | D:10     | Bought a runed helmet for 157 gold pieces
 10515 | D:10     | Noticed Urug
 10531 | D:10     | Reached XP level 11. HP: 45/81 MP: 21/22
 10535 | D:10     | Reached **** piety under Yredelemnul
 10696 | D:10     | Noticed a centaur warrior
 10819 | D:10     | Killed Urug
 10822 | D:10     | Killed a centaur warrior
 11294 | D:10     | Noticed a two-headed ogre
 11340 | D:10     | Killed a two-headed ogre
 11340 | D:10     | Reached skill level 5 in Hexes
 11340 | D:10     | Reached skill level 5 in Charms
 11340 | D:10     | Reached skill level 5 in Summonings
 11340 | D:10     | Reached skill level 5 in Necromancy
 11340 | D:10     | Reached skill level 5 in Translocations
 11340 | D:10     | Reached skill level 5 in Transmutations
 11340 | D:10     | Reached skill level 5 in Fire Magic
 11340 | D:10     | Reached skill level 5 in Ice Magic
 11340 | D:10     | Reached skill level 5 in Air Magic
 11340 | D:10     | Reached skill level 5 in Earth Magic
 11862 | D:11     | Killed an unseen horror
 11863 | D:11     | Received a gift from Yredelemnul (5 flying skulls)
 11953 | D:11     | Noticed a two-headed ogre
 11960 | D:11     | Killed a two-headed ogre
 11977 | D:11     | Found a staircase to the Lair.
 12055 | D:11     | Noticed a seven-headed hydra
 12099 | D:11     | Killed a seven-headed hydra
 12099 | D:11     | Received a gift from Yredelemnul (3 flying skulls)
 12318 | D:11     | Found a staircase to the Orcish Mines.
 12330 | D:11     | Received a gift from Yredelemnul (3 flying skulls)
 12390 | D:11     | Noticed a manticore
 12391 | D:11     | Noticed a cyclops
 12399 | D:11     | Killed a manticore
 12403 | D:11     | Killed a cyclops
 12403 | D:11     | Reached XP level 12. HP: 88/89 MP: 24/24
 12894 | Lair:1   | Entered Level 1 of the Lair of Beasts
 12913 | Lair:1   | Received a gift from Yredelemnul (a vampire)
 12988 | Lair:1   | Reached ***** piety under Yredelemnul
 15052 | Lair:3   | Found a staircase to the Shoals.
 15362 | Lair:3   | Noticed Sonja
 15367 | Lair:3   | Killed Sonja
 15752 | Lair:3   | Found a hole to the Spider Nest.
 15836 | Lair:3   | Received a gift from Yredelemnul (a wight)
 15844 | Lair:3   | Reached XP level 13. HP: 71/98 MP: 21/26
 15856 | Lair:3   | Received a gift from Yredelemnul (a vampire)
 15956 | Lair:3   | Found a runed translucent gate.
 15956 | Lair:3   | Found a runed translucent gate.
 15957 | Lair:3   | Found a runed translucent gate.
 15990 | Lair:3   | Noticed Taxzav's ghost (journeyman TrHu)
 15991 | Lair:3   | Noticed a minotaur
 16015 | Lair:3   | Your ally Sonja died
 16017 | Lair:3   | Killed a minotaur
 16029 | Lair:3   | Killed Taxzav's ghost
 18053 | Lair:5   | Found a gate leading to a gauntlet.
 18147 | Gauntlet | Entered a Gauntlet
 18147 | Gauntlet | Found a transporter.
 18147 | Gauntlet | Found a transporter.
 18151 | Gauntlet | Found a transporter.
 18151 | Gauntlet | Found a transporter.
 18164 | Gauntlet | Found a transporter.
 18176 | Gauntlet | Found a transporter.
 18180 | Gauntlet | Found a transporter.
 18194 | Gauntlet | Found a transporter.
 18214 | Gauntlet | Found a large runed translucent door.
 18215 | Gauntlet | Found a large runed translucent door.
 18216 | Gauntlet | Found a large runed translucent door.
 18216 | Gauntlet | Found a large runed translucent door.
 18216 | Gauntlet | Noticed a reaper
 18217 | Gauntlet | Found a runed translucent gate.
 18217 | Gauntlet | Found a large runed translucent door.
 18217 | Gauntlet | Found a large runed translucent door.
 18217 | Gauntlet | Found a runed translucent door.
 18218 | Gauntlet | Found a transporter.
 18218 | Gauntlet | Found a runed translucent gate.
 18218 | Gauntlet | Found a transporter.
 18218 | Gauntlet | Found a large runed translucent door.
 18219 | Gauntlet | Found a runed translucent gate.
 18219 | Gauntlet | Found a runed translucent door.
 18219 | Gauntlet | Found a large runed translucent door.
 18221 | Gauntlet | Found a transporter.
 18226 | Gauntlet | Found a large runed translucent door.
 18226 | Gauntlet | Found a large runed translucent door.
 18227 | Gauntlet | Found a large runed translucent door.
 18228 | Gauntlet | Found a large runed translucent door.
 18237 | Gauntlet | Found a large runed translucent door.
 18237 | Gauntlet | Found a large runed translucent door.
 18253 | Gauntlet | Found a transporter.
 18301 | Gauntlet | Found a transporter.
 18317 | Gauntlet | Found a transporter.
 18417 | Gauntlet | Found a transporter.
 18439 | Gauntlet | Found a transporter.
 18440 | Gauntlet | Noticed an entropy weaver
 18449 | Gauntlet | Found a large runed translucent door.
 18449 | Gauntlet | Found a large runed translucent door.
 18603 | Gauntlet | Received a gift from Yredelemnul (a wraith)
 18854 | Gauntlet | Killed a reaper
 18854 | Gauntlet | Enslaved a reaper
 18879 | Gauntlet | Got a twitching emerald amulet
 18881 | Gauntlet | Identified the amulet "Waask" {*Slow rPois Regen+ Int+4}
                  | (You found it in a Gauntlet)
 19223 | Gauntlet | Noticed a minotaur
 19232 | Gauntlet | Killed a minotaur
 19352 | Lair:5   | Received a gift from Yredelemnul (a wraith)
 20031 | Lair:5   | Found a viscous altar of Jiyva.
 20032 | Lair:5   | Found a staircase to the Slime Pits.
 20105 | Lair:6   | Entered Level 6 of the Lair of Beasts
 20289 | Lair:6   | Reached skill level 10 in Spellcasting
 20322 | Lair:6   | Reached XP level 14. HP: 106/106 MP: 28/28
 20460 | Lair:6   | Reached ****** piety under Yredelemnul
 20589 | Lair:6   | Reached skill level 10 in Dodging
 20642 | Lair:6   | Received a gift from Yredelemnul (a wraith)
 20932 | Lair:6   | Reached skill level 10 in Stealth
 21532 | D:12     | Found Qaytopryi's Weapon Shop.
 21571 | D:12     | Found Dolixoz's Weapon Emporium.
 21605 | D:12     | Found Fuliazia's Weapon Shoppe.
 21608 | D:12     | Bought the +7 long sword "Jycwatza" {elec, rElec Str+2} for
                  | 804 gold pieces
 21664 | D:12     | Noticed Frances
 21672 | D:12     | Received a gift from Yredelemnul (a skeletal warrior)
 21677 | D:12     | Killed Frances
 21824 | D:12     | Reached skill level 10 in Invocations
 22070 | D:12     | Found Egayxud's Distillery.
 22196 | D:13     | Received a gift from Yredelemnul (a vampire knight)
 22553 | D:13     | Received a gift from Yredelemnul (a wraith)
 23013 | D:13     | Found a gate to the Vaults.
 23017 | D:13     | Received a gift from Yredelemnul (a wraith)
 23591 | D:14     | Reached XP level 15. HP: 82/114 MP: 29/29
 23687 | D:15     | Entered Level 15 of the Dungeon
 23718 | D:15     | Found a sacrificial altar of Ru.
 23726 | D:15     | Noticed Roxanne
 23889 | D:15     | Received a gift from Yredelemnul (a skeletal warrior)
 24046 | D:15     | Identified a scroll of acquirement
 24047 | D:15     | Got a brightly glowing ring mail
 24058 | D:15     | Identified the +3 ring mail "Pefe" {MR++} (You acquired it
                  | on level 15 of the Dungeon)
 24065 | D:15     | Learned a level 5 spell: Borgnjor's Vile Clutch
 24355 | D:15     | Found a staircase to the Depths.
 24355 | D:15     | Noticed a frost giant
 24363 | D:15     | Killed a frost giant
 24541 | Spider:1 | Entered Level 1 of the Spider Nest
 24833 | Spider:1 | Received a gift from Yredelemnul (a phantasmal warrior)
 24917 | Spider:1 | Reached skill level 10 in Poison Magic
 24928 | Spider:1 | Noticed Asterion
 24939 | Spider:1 | Killed Asterion
 24939 | Spider:1 | Enslaved Asterion
 25065 | Spider:1 | Received a gift from Yredelemnul (a ghoul)
 25646 | Spider:2 | Noticed an emperor scorpion
 25658 | Spider:2 | Killed an emperor scorpion
 25659 | Spider:2 | Reached skill level 10 in Fighting
 25659 | Spider:2 | Reached skill level 10 in Short Blades
 25659 | Spider:2 | Reached skill level 10 in Long Blades
 25659 | Spider:2 | Reached skill level 10 in Axes
 25659 | Spider:2 | Reached skill level 10 in Maces & Flails
 25659 | Spider:2 | Reached skill level 10 in Polearms
 25659 | Spider:2 | Reached skill level 10 in Staves
 25659 | Spider:2 | Reached skill level 10 in Slings
 25659 | Spider:2 | Reached skill level 10 in Bows
 25659 | Spider:2 | Reached skill level 10 in Crossbows
 25659 | Spider:2 | Reached skill level 10 in Throwing
 25659 | Spider:2 | Reached skill level 10 in Armour
 25659 | Spider:2 | Reached skill level 10 in Shields
 25659 | Spider:2 | Reached skill level 10 in Unarmed Combat
 25659 | Spider:2 | Reached skill level 10 in Evocations
 25756 | Spider:2 | Received a gift from Yredelemnul (a vampire)
 25790 | Spider:2 | Received a gift from Yredelemnul (a vampire knight)
 25843 | Spider:2 | Received a gift from Yredelemnul (a vampire)
 26415 | Spider:3 | Received a gift from Yredelemnul (a vampire)
 26764 | Spider:4 | Entered Level 4 of the Spider Nest
 26764 | Spider:4 | Noticed Arachne
 26783 | Spider:4 | Killed Arachne
 26783 | Spider:4 | Reached XP level 16. HP: 80/123 MP: 31/31
 26880 | Spider:4 | Found a frozen archway.
 26899 | IceCv    | Entered an ice cave
 27100 | IceCv    | Learned a level 2 spell: Blink
 27106 | IceCv    | Learned a level 5 spell: Bolt of Magma
 27330 | IceCv    | Got a pair of crude gloves
 27348 | IceCv    | Identified the +0 pair of gloves "Inozoek" {rF+ rCorr} (You
                  | found it in an ice cave)
 27396 | IceCv    | Received a gift from Yredelemnul (a vampire knight)
 27797 | Spider:4 | Received a gift from Yredelemnul (a skeletal warrior)
 27807 | Spider:4 | Your ally Arachne died
 28214 | Spider:4 | Received a gift from Yredelemnul (a phantasmal warrior)
 28312 | Spider:4 | Received a gift from Yredelemnul (a vampire knight)
 28489 | Spider:4 | Noticed Agnes
 28495 | Spider:4 | Killed Agnes
 28685 | Spider:4 | Got a gossamer rune of Zot
 28856 | Shoals:1 | Entered Level 1 of the Shoals
 28880 | Shoals:1 | Noticed a kraken
 28884 | Shoals:1 | Your ally Asterion died
 28893 | Shoals:1 | Killed a kraken
 28910 | Shoals:1 | Received a gift from Yredelemnul (a vampire)
 29036 | Shoals:1 | Received a gift from Yredelemnul (a profane servitor)
 29276 | Shoals:1 | You fall through a shaft!
 29388 | Shoals:2 | Found Xyufidicia's Magic Scroll Emporium.
 29567 | Shoals:2 | Received a gift from Yredelemnul (a vampire knight)
 29602 | Shoals:2 | Reached XP level 17. HP: 131/131 MP: 33/33
 29830 | Shoals:3 | Received a gift from Yredelemnul (a phantasmal warrior)
 29859 | Shoals:3 | Received a gift from Yredelemnul (a phantasmal warrior)
 30202 | Shoals:3 | Received a gift from Yredelemnul (a flayed ghost)
 30335 | Shoals:4 | Entered Level 4 of the Shoals
 30555 | Shoals:4 | Received a gift from Yredelemnul (a phantasmal warrior)
 30755 | Shoals:4 | Received a gift from Yredelemnul (a skeletal warrior)
 30770 | Shoals:4 | Reached skill level 10 in Conjurations
 30793 | Shoals:4 | Got a barnacled rune of Zot
 31594 | Vaults:1 | Entered Level 1 of the Vaults
 32135 | Vaults:1 | Reached skill level 10 in Hexes
 32135 | Vaults:1 | Reached skill level 10 in Charms
 32135 | Vaults:1 | Reached skill level 10 in Summonings
 32135 | Vaults:1 | Reached skill level 10 in Necromancy
 32135 | Vaults:1 | Reached skill level 10 in Translocations
 32135 | Vaults:1 | Reached skill level 10 in Transmutations
 32135 | Vaults:1 | Reached skill level 10 in Fire Magic
 32135 | Vaults:1 | Reached skill level 10 in Ice Magic
 32135 | Vaults:1 | Reached skill level 10 in Air Magic
 32135 | Vaults:1 | Reached skill level 10 in Earth Magic
 32164 | Vaults:1 | Reached XP level 18. HP: 130/139 MP: 33/34
 32166 | Vaults:1 | Received a gift from Yredelemnul (a skeletal warrior)
 32730 | Vaults:1 | Received a gift from Yredelemnul (a flayed ghost)
 32961 | Vaults:2 | Received a gift from Yredelemnul (a vampire)
 32974 | Vaults:2 | Received a gift from Yredelemnul (a phantasmal warrior)
 33106 | Vaults:2 | Received a gift from Yredelemnul (a vampire knight)
 33114 | Vaults:2 | Found the +8 glaive of the Guard {elec, +Rage AC+5 SInv}
 33253 | Vaults:2 | Received a gift from Yredelemnul (a vampire knight)
 33507 | Vaults:2 | Received a gift from Yredelemnul (a vampire knight)
 33687 | Vaults:2 | Reached XP level 19. HP: 89/147 MP: 36/36
 34016 | Vaults:2 | Found a staircase to the Crypt.
 34288 | Vaults:3 | Received a gift from Yredelemnul (a profane servitor)
 34499 | Vaults:3 | Received a gift from Yredelemnul (a flayed ghost)
 34574 | Vaults:3 | Received a gift from Yredelemnul (a phantasmal warrior)
 34599 | Vaults:3 | Received a gift from Yredelemnul (a flayed ghost)
 34939 | Vaults:3 | Received a gift from Yredelemnul (a ghoul)
 35440 | Vaults:4 | Received a gift from Yredelemnul (a profane servitor)
 35722 | Vaults:4 | Received a gift from Yredelemnul (a profane servitor)
 36214 | Vaults:4 | Received a gift from Yredelemnul (a vampire)
 36314 | Vaults:4 | Reached XP level 20. HP: 123/155 MP: 37/37
 36622 | Vaults:4 | Got an ichor-stained ring mail
 36623 | Vaults:4 | Identified the cursed +0 ring mail of Wu Jian's Approval
                  | {rC- Str+4 Int+3} (You found it on level 4 of the Vaults)
 36918 | Depths:1 | Entered Level 1 of the Depths
 36928 | Depths:1 | Learned a level 6 spell: Shadow Creatures
 37035 | Depths:1 | Found Toffoj's Serpentskin Sales.
 37039 | Depths:1 | Received a gift from Yredelemnul (a skeletal warrior)
 37398 | Depths:1 | Received a gift from Yredelemnul (a phantasmal warrior)
 37418 | Depths:1 | Found a one-way gate to the infinite horrors of the Abyss.
 37677 | Depths:1 | Found a gateway to Hell.
 37686 | Depths:1 | Identified the -6 pair of gloves "Ubool" {rPois Regen+
                  | Int-4 SInv} (You acquired it on level 1 of the Depths)
 37855 | Depths:2 | Received a gift from Yredelemnul (a phantasmal warrior)
 37920 | Depths:2 | Found Omamyone's Food Shop.
 37949 | Depths:2 | Found Benwioth's Assorted Antiques.
 37967 | Depths:2 | Found Ryett's Magic Scroll Shoppe.
 37982 | Depths:2 | Bought a scroll of teleportation for 54 gold pieces
 38019 | Depths:2 | Received a gift from Yredelemnul (a bone dragon)
 38143 | Depths:2 | Found Vifol's Gadget Shop.
 38191 | Depths:2 | Found Qozer's Jewellery Boutique.
 38287 | Depths:2 | Received a gift from Yredelemnul (a phantasmal warrior)
 39004 | Depths:2 | You fall through a shaft!
 39782 | Depths:3 | Received a gift from Yredelemnul (a phantasmal warrior)
 39836 | Depths:3 | Reached XP level 21. HP: 84/163 MP: 24/39
 40243 | Depths:3 | Received a gift from Yredelemnul (a flayed ghost)
 40424 | Depths:3 | Identified the cursed +1 scale mail of Loala {rN+ Slay+3}
                  | (You found it on level 3 of the Depths)
 40676 | Depths:3 | Found a one-way gate leading to the halls of Pandemonium.
 40939 | Depths:4 | Noticed Saint Roka
 40946 | Depths:4 | Noticed Margery
 40951 | Depths:4 | Received a gift from Yredelemnul (a vampire knight)
 40959 | Depths:4 | Killed Saint Roka
 40959 | Depths:4 | Enslaved Saint Roka
 40962 | Depths:4 | Killed Margery
 41146 | Depths:4 | Noticed Boris
 41165 | Depths:4 | Killed Boris
 41227 | Depths:4 | Reached skill level 15 in Invocations
 41407 | Depths:4 | Received a gift from Yredelemnul (a profane servitor)
 41417 | Depths:4 | Your ally Saint Roka died
 41817 | Depths:4 | Received a gift from Yredelemnul (a skeletal warrior)
 42356 | Depths:4 | Found the +15 Maxwell's patent armour {-Cast -Tele rElec
                  | MR+ rCorr}
 42360 | Depths:4 | Received a gift from Yredelemnul (a flayed ghost)
 42446 | Depths:4 | Noticed an ancient lich
 42458 | Depths:4 | Killed an ancient lich
 42458 | Depths:4 | Reached XP level 22. HP: 121/172 MP: 40/40
 42467 | Depths:4 | Identified the Papyrus of Scorching Confrontation
 42486 | Depths:5 | Entered Level 5 of the Depths
 42531 | Depths:5 | Noticed a juggernaut
 42536 | Depths:5 | Killed a juggernaut
 42595 | Depths:5 | Received a gift from Yredelemnul (a ghoul)
 42810 | Depths:5 | Found a gateway to a ziggurat.
 42841 | Depths:5 | Reached skill level 15 in Spellcasting
 43141 | Depths:5 | Reached skill level 15 in Dodging
 43180 | Depths:5 | Found a gate to the Realm of Zot.
 43415 | Depths:4 | Identified the cursed +1 ring mail of Focus {rPois rF+ rC+
                  | Dex+3} (You found it on level 4 of the Depths)
 43672 | Orc:1    | Entered Level 1 of the Orcish Mines
 43685 | Orc:1    | Received a gift from Yredelemnul (a ghoul)
 43685 | Orc:1    | Found Vehed's Weapon Shop.
 43842 | Orc:1    | Received a gift from Yredelemnul (a skeletal warrior)
 44076 | Orc:2    | Entered Level 2 of the Orcish Mines
 44076 | Orc:2    | Found a staircase to the Elven Halls.
 44084 | Orc:2    | Found Paacrext's Magic Scroll Emporium.
 44177 | Orc:2    | Received a gift from Yredelemnul (a phantasmal warrior)
 44318 | Orc:2    | Received a gift from Yredelemnul (a vampire)
 44364 | Orc:2    | Noticed Donald
 44373 | Orc:2    | Killed Donald
 44599 | Orc:2    | Received a gift from Yredelemnul (a vampire knight)
 44605 | Orc:2    | Found a roughly hewn altar of Beogh.
 44655 | Orc:2    | Found Xegg's Food Shop.
 44661 | Orc:2    | Found Genar's Distillery.
 44684 | Orc:2    | Reached skill level 15 in Stealth
 44691 | Orc:2    | Received a gift from Yredelemnul (a skeletal warrior)
 44863 | Orc:2    | Found Ikoj's Antique Armour Emporium.
 44863 | Orc:2    | Found Cumpub's Gadget Shoppe.
 45084 | Orc:1    | Received a gift from Yredelemnul (a vampire)
 45171 | Orc:1    | Noticed Maurice
 45177 | Orc:1    | Killed Maurice
 45250 | Elf:1    | Entered Level 1 of the Elven Halls
 45250 | Elf:1    | Noticed Louise
 45254 | Elf:1    | Killed Louise
 45254 | Elf:1    | Enslaved Louise
 45583 | Elf:1    | Found Agiac's Food Shoppe.
 45587 | Elf:1    | Found Qerol's Book Shoppe.
 45654 | Elf:1    | Found a deep blue altar of Sif Muna.
 46063 | Elf:2    | Reached XP level 23. HP: 179/179 MP: 42/42
 46064 | Elf:2    | Reached XP level 24. HP: 187/187 MP: 42/42
 46093 | Elf:2    | Found a runed translucent gate.
 46093 | Elf:2    | Found a runed translucent gate.
 46094 | Elf:2    | Found a runed translucent gate.
 46619 | Elf:3    | Entered Level 3 of the Elven Halls
 46732 | Elf:3    | Reached XP level 25. HP: 143/193 MP: 42/42
 46840 | Elf:3    | Identified the Tome of Moulding and Orientation
 46885 | Elf:3    | Identified the amulet of the Countless Ghosts {Gourm Str+4}
                  | (You found it on level 3 of the Elven Halls)
 47050 | Elf:3    | Received a gift from Yredelemnul (a flayed ghost)
 47143 | Elf:3    | Identified a +0 pair of boots of running (You found it on
                  | level 3 of the Elven Halls)
 47151 | Elf:3    | Reached skill level 15 in Fighting
 47151 | Elf:3    | Reached skill level 15 in Short Blades
 47151 | Elf:3    | Reached skill level 15 in Long Blades
 47151 | Elf:3    | Reached skill level 15 in Axes
 47151 | Elf:3    | Reached skill level 15 in Maces & Flails
 47151 | Elf:3    | Reached skill level 15 in Polearms
 47151 | Elf:3    | Reached skill level 15 in Staves
 47151 | Elf:3    | Reached skill level 15 in Slings
 47151 | Elf:3    | Reached skill level 15 in Bows
 47151 | Elf:3    | Reached skill level 15 in Crossbows
 47151 | Elf:3    | Reached skill level 15 in Throwing
 47151 | Elf:3    | Reached skill level 15 in Armour
 47151 | Elf:3    | Reached skill level 15 in Shields
 47151 | Elf:3    | Reached skill level 15 in Unarmed Combat
 47151 | Elf:3    | Reached skill level 15 in Evocations
 47182 | Elf:3    | Found Nouseudgh's Magic Scroll Shop.
 47962 | Depths:2 | Bought shimmering gold dragon scales for 3230 gold pieces
 47972 | Depths:2 | Identified the +14 gold dragon scales of Ocoos {rElec rPois
                  | rF+ rC+ rCorr} (You bought it in a shop on level 2 of the
                  | Depths)
 48396 | Vaults:5 | Entered Level 5 of the Vaults
 48458 | Vaults:5 | Received a gift from Yredelemnul (a vampire knight)
 48518 | Vaults:5 | Received a gift from Yredelemnul (a vampire knight)
 48551 | Vaults:5 | Your ally Louise died
 48560 | Vaults:5 | Received a gift from Yredelemnul (a vampire)
 48572 | Vaults:5 | Noticed Xtahua
 48574 | Vaults:5 | Received a gift from Yredelemnul (a ghoul)
 48582 | Vaults:5 | Paralysed by Xtahua for 5 turns
 48587 | Vaults:5 | Received a gift from Yredelemnul (a vampire)
 48588 | Vaults:5 | Killed Xtahua
 48588 | Vaults:5 | Enslaved Xtahua
 48598 | Vaults:5 | Received a gift from Yredelemnul (a ghoul)
 48615 | Vaults:5 | Killed Frederick
 48623 | Vaults:5 | Your ally Xtahua died
 48628 | Vaults:5 | Paralysed by a floating eye for 2 turns
 48632 | Vaults:5 | Received a gift from Yredelemnul (a ghoul)
 48666 | Vaults:5 | Received a gift from Yredelemnul (a profane servitor)
 48832 | Vaults:5 | Identified the Catalogue of Shifting Snow
 48879 | Vaults:5 | Received a gift from Yredelemnul (a phantasmal warrior)
 49043 | Vaults:5 | Reached XP level 26. HP: 197/202 MP: 43/43
 49125 | Vaults:5 | Identified the +1 ring mail "Ufoeptinylo" {rPois} (You
                  | found it on level 5 of the Vaults)
 49579 | Vaults:5 | Got a transparent bone amulet
 49715 | Vaults:5 | Identified the amulet of Kymeb {Inacc rElec rF+ Int+3} (You
                  | found it on level 5 of the Vaults)
 49718 | Vaults:5 | Identified the +3 pair of boots of the Vaults {rN+ Str+4}
                  | (You found it on level 5 of the Vaults)
 49731 | Vaults:5 | Identified the Grimoire of Changing
 49801 | Vaults:5 | Got a silver rune of Zot
 50266 | Zot:1    | Entered Level 1 of the Realm of Zot
 50429 | Zot:1    | Noticed a Killer Klown
 50431 | Zot:1    | Received a gift from Yredelemnul (a phantasmal warrior)
 50438 | Zot:1    | Noticed a Killer Klown
 50441 | Zot:1    | Killed a Killer Klown
 50441 | Zot:1    | Enslaved a Killer Klown
 50455 | Zot:1    | Noticed a Killer Klown
 50457 | Zot:1    | Noticed an ancient lich
 50475 | Zot:1    | Killed a Killer Klown
 50477 | Zot:1    | Killed a Killer Klown
 50582 | Zot:1    | Killed an ancient lich
 50616 | Zot:1    | Noticed a Killer Klown
 50707 | Zot:1    | Killed a Killer Klown
 50740 | Zot:1    | Noticed an orb of fire
 50773 | Zot:1    | Banished an orb of fire
 51092 | Zot:1    | Received a gift from Yredelemnul (a skeletal warrior)
 51788 | Zot:2    | Noticed an orb of fire
 51789 | Zot:2    | Gained mutation: You possess an exceptional clarity of
                  | mind. [an orb of fire]
 51798 | Zot:2    | Gained mutation: You are weak. (Str -2) [an orb of fire]
 51800 | Zot:2    | Killed an orb of fire
 51856 | Zot:2    | Identified the cursed +0 whip "Zewafisiuss" {venom,
                  | *Corrode Str+4 Stlth+} (You found it on level 2 of the
                  | Realm of Zot)
 52119 | Zot:3    | Noticed an ancient lich
 52177 | Zot:3    | Noticed an orb of fire
 52308 | Zot:3    | Found a deep blue altar of Sif Muna.
 52309 | Zot:3    | Found a transporter.
 52334 | Zot:3    | Reached XP level 27. HP: 159/210 MP: 20/43
 53098 | Zot:4    | Received a gift from Yredelemnul (a profane servitor)
 53537 | Zot:4    | Paralysed by you for 7 turns
 53604 | Zot:4    | Received a gift from Yredelemnul (a ghoul)
 53893 | Zot:4    | Paralysed by you for 2 turns
 54574 | Zot:5    | Entered Level 5 of the Realm of Zot
 55182 | Zot:5    | Noticed an ancient lich
 55182 | Zot:5    | Noticed an ancient lich
 55222 | Zot:5    | Killed an ancient lich
 55222 | Zot:5    | Reached skill level 15 in Poison Magic
 55224 | Zot:5    | Killed an ancient lich
 55234 | Zot:5    | Received a gift from Yredelemnul (a profane servitor)
 55243 | Zot:5    | Reached skill level 15 in Ice Magic
 55446 | Zot:5    | Noticed an orb of fire
 55449 | Zot:5    | Noticed an orb of fire
 55449 | Zot:5    | Noticed an ancient lich
 55451 | Zot:5    | Gained mutation: Scrolls take you a little longer to read.
                  | [an orb of fire]
 55462 | Zot:5    | Gained mutation: You are frail. (-10% HP) [an orb of fire]
 55472 | Zot:5    | Gained mutation: You are very weak. (Str -4) [an orb of
                  | fire]
 55476 | Zot:5    | Gained mutation: Your body sometimes deteriorates upon
                  | taking damage. [an orb of fire]
 55486 | Zot:5    | Lost mutation: You possess an exceptional clarity of mind.
                  | [an orb of fire]
 55493 | Zot:5    | Gained mutation: You occasionally shout uncontrollably at
                  | your foes. [an orb of fire]
 55512 | Zot:5    | Gained mutation: You are very frail. (-20% HP) [an orb of
                  | fire]
 55514 | Zot:5    | Lost mutation: Scrolls take you a little longer to read.
                  | [an orb of fire]
 55525 | Zot:5    | Gained mutation: Scrolls take you a little longer to read.
                  | [an orb of fire]
 55527 | Zot:5    | HP: 4/169 [orb of fire/fireball (35)]
 55529 | Zot:5    | Gained mutation: Your spells are a little easier to cast,
                  | but a little less powerful. [an orb of fire]
 55546 | Zot:5    | Killed from afar by an orb of fire

Skill      XL: |  1  2  3  4  5  6  7  8  9 10 11 12 13 14 15 16 17 18 19 20 21 22 23 24 25 26 27 |
---------------+----------------------------------------------------------------------------------+-----
Conjurations   | 2 3 4 5 6 7 8 9 10 11 12 13 14 | 14.4
Spellcasting   | 5 6 7 8 9 10 11 12 13 14 15 16 17 | 17.1
Invocations    | 1 2 3 4 5 6 7 8 9 10 11 12 13 14 15 16 17 | 17.8
Fighting       | 1 2 3 4 5 6 7 8 9 10 11 12 13 14 15 16 | 16.5
Short Blades   | 1 2 3 4 5 6 7 8 9 10 11 12 13 14 15 16 | 16.5
Long Blades    | 1 2 3 4 5 6 7 8 9 10 11 12 13 14 15 16 | 16.5
Axes           | 1 2 3 4 5 6 7 8 9 10 11 12 13 14 15 16 | 16.5
Maces & Flails | 1 2 3 4 5 6 7 8 9 10 11 12 13 14 15 16 | 16.5
Polearms       | 1 2 3 4 5 6 7 8 9 10 11 12 13 14 15 16 | 16.5
Staves         | 1 2 3 4 5 6 7 8 9 10 11 12 13 14 15 16 | 16.5
Slings         | 1 2 3 4 5 6 7 8 9 10 11 12 13 14 15 16 | 16.5
Bows           | 1 2 3 4 5 6 7 8 9 10 11 12 13 14 15 16 | 16.5
Crossbows      | 1 2 3 4 5 6 7 8 9 10 11 12 13 14 15 16 | 16.5
Throwing       | 1 2 3 4 5 6 7 8 9 10 11 12 13 14 15 16 | 16.5
Armour         | 1 2 3 4 5 6 7 8 9 10 11 12 13 14 15 16 | 16.5
Shields        | 1 2 3 4 5 6 7 8 9 10 11 12 13 14 15 16 | 16.5
Unarmed Combat | 1 2 3 4 5 6 7 8 9 10 11 12 13 14 15 16 | 16.5
Evocations     | 1 2 3 4 5 6 7 8 9 10 11 12 13 14 15 16 | 16.5
Hexes          | 1 2 3 4 5 6 7 8 9 10 11 12 13 14 | 14.2
Charms         | 1 2 3 4 5 6 7 8 9 10 11 12 13 14 | 14.2
Summonings     | 1 2 3 4 5 6 7 8 9 10 11 12 13 14 | 14.2
Necromancy     | 1 2 3 4 5 6 7 8 9 10 11 12 13 14 | 14.2
Translocations | 1 2 3 4 5 6 7 8 9 10 11 12 13 14 | 14.2
Transmutations | 1 2 3 4 5 6 7 8 9 10 11 12 13 14 | 14.2
Fire Magic     | 1 2 3 4 5 6 7 8 9 10 11 12 13 14 | 14.2
Ice Magic      | 1 2 3 4 5 6 7 8 9 10 11 12 13 14 15 | 15.1
Air Magic      | 1 2 3 4 5 6 7 8 9 10 11 12 13 14 | 14.2
Earth Magic    | 1 2 3 4 5 6 7 8 9 10 11 12 13 14 | 14.2
Dodging        | 5 6 7 8 9 10 11 12 13 14 15 16 17 | 17.0
Stealth        | 5 6 7 8 9 10 11 12 13 14 15 16 | 16.9
Poison Magic   | 6 7 8 9 10 11 12 13 14 15 | 15.0

Action                   |  1- 3 |  4- 6 |  7- 9 | 10-12 | 13-15 | 16-18 | 19-21 | 22-24 | 25-27 || total
-------------------------+-------+-------+-------+-------+-------+-------+-------+-------+-------++-------
Melee: Dagger            |     4 |       |       |       |       |       |       |       |       ||     4
       Short sword       |     9 |       |       |       |       |       |       |       |       ||     9
       Bite              |     1 |     9 |    27 |    49 |    71 |    51 |    91 |    39 |   121 ||   459
       Spear             |       |   130 |   265 |   457 |    29 |       |       |       |       ||   881
       Punch             |       |       |     3 |       |       |       |       |       |       ||     3
       Trident           |       |       |       |       |   576 |   372 |       |       |       ||   948
       Long sword        |       |       |       |       |   124 |       |     9 |       |       ||   133
       Demon trident     |       |       |       |       |       |   312 |   813 |   514 |   984 ||  2623
Throw: Throwing net      |       |       |       |       |       |       |       |       |     1 ||     1
 Cast: Sting             |    22 |    11 |    19 |     2 |    10 |       |       |       |       ||    64
       Poisonous Vapours |     6 |    44 |    79 |    96 |    84 |   173 |    57 |     1 |     9 ||   549
       Olgreb's Toxic Ra |       |     1 |     8 |    26 |    58 |    57 |    49 |    18 |    22 ||   239
       Mephitic Cloud    |       |     1 |     2 |     4 |     2 |       |       |       |       ||     9
       Borgnjor's Vile C |       |       |       |       |    11 |    58 |    73 |     3 |    39 ||   184
       Bolt of Magma     |       |       |       |       |       |     7 |     3 |       |     3 ||    13
       Blink             |       |       |       |       |       |     8 |       |       |     4 ||    12
       Shadow Creatures  |       |       |       |       |       |       |     7 |     1 |       ||     8
Invok: Animate Remains   |       |       |     1 |       |       |       |       |       |       ||     1
       Animate Dead      |       |       |     2 |    23 |    44 |    49 |    37 |    19 |    39 ||   213
       Drain Life        |       |       |       |     1 |       |     6 |     5 |       |    15 ||    27
       Recall Undead Sla |       |       |       |     1 |     7 |     5 |     1 |     1 |     4 ||    19
       Enslave Soul      |       |       |       |       |     2 |       |     1 |     1 |     4 ||     8
       Stop Recall       |       |       |       |       |       |       |     1 |     1 |       ||     2
Evoke: Wand              |       |       |       |     9 |    24 |     2 |     2 |       |    10 ||    47
  Use: Scroll            |       |    10 |     6 |     7 |    11 |     8 |     9 |     2 |     9 ||    62
       Potion            |       |       |     1 |     4 |     8 |     1 |     3 |     2 |    11 ||    30
 Stab: Sleeping          |     4 |     6 |     7 |     6 |     2 |     6 |    28 |    39 |     5 ||   103
       Confused          |       |     1 |     1 |     2 |     1 |       |       |       |       ||     5
       Distracted        |       |       |     1 |     8 |    12 |    13 |    24 |    12 |    38 ||   108
       Paralysed         |       |       |       |       |       |    15 |     4 |     3 |       ||    22
       Held in net/web   |       |       |       |       |       |     1 |       |       |       ||     1
       Betrayed ally     |       |       |       |       |       |     1 |       |       |       ||     1
       Petrifying        |       |       |       |       |       |       |       |       |     1 ||     1
  Eat: Chunk             |     1 |     9 |    16 |    42 |    33 |    15 |    20 |     8 |     5 ||   149
       Ration            |       |       |       |     1 |     6 |    10 |     8 |     6 |    15 ||    46
Armor: Robe              |     1 |     8 |       |       |       |       |       |       |       ||     9
       Scale mail        |       |     2 |       |     7 |       |    35 |       |       |       ||    44
       Ring mail         |       |       |    41 |    25 |    21 |    90 |    75 |    24 |     1 ||   277
       Chain mail        |       |       |       |   187 |   179 |       |       |       |       ||   366
       Gold dragon scale |       |       |       |       |       |       |       |       |   538 ||   538
Dodge: Dodged            |    11 |    61 |   152 |   184 |   247 |   338 |   300 |    82 |   343 ||  1718
Block: Buckler           |       |       |       |   104 |   165 |   168 |    67 |       |       ||   504
       Shield            |       |       |       |       |       |       |   138 |    84 |   474 ||   696
       Rpst.: Long sword |       |       |       |       |    11 |       |     1 |       |       ||    12
